BSA
IRVINE GANG GREEN @ ST. LOUIS BROWNS
06/30/2029
 
TOP OF THE 1ST
Irvine Gang Green batting - Pitching for St. Louis Browns : RHP Aaron Palmer
Pitching: RHP Aaron Palmer
Batting: SHB Carlos Córdova 0-0: Ball
1-0: Ball
2-0: Foul Ball, location: 2F
2-1: Called Strike
2-2: Ball
3-2: Foul Ball, location: 2F
3-2: Strikes out swinging
Batting: RHB Tom Doherty 0-0: Called Strike
0-1: Foul Ball, location: 2F
0-2: Ball
1-2: Ball
2-2: Ground out 6-3 (Groundball, 56D)
Batting: LHB Víctor Quiñones 0-0: Ball
1-0: Ball
2-0: Ball
3-0: Base on Balls
Batting: RHB Eduardo García 0-0: Called Strike
0-1: Fly out, F8 (Flyball, 8RXD)
Top of the 1st over - 0 runs, 0 hits, 0 errors, 1 left on base; Irvine 0 - St. Louis 0
BOTTOM OF THE 1ST
St. Louis Browns batting - Pitching for Irvine Gang Green : LHP Millard Curtis
Pitching: LHP Millard Curtis
Batting: RHB José Flores 0-0: Ball
1-0: Called Strike
1-1: Foul Ball, location: 2F
1-2: Ball
2-2: Strikes out looking
Batting: RHB Anthony Rucker 0-0: Called Strike
0-1: Fly out, F7 (Line Drive, 7)
Batting: RHB Carlos Alfaro 0-0: Foul Ball, location: 2F
0-1: Called Strike
0-2: Fly out, F7 (Flyball, 78XD)
Bottom of the 1st over - 0 runs, 0 hits, 0 errors, 0 left on base; Irvine 0 - St. Louis 0
TOP OF THE 2ND
Irvine Gang Green batting - Pitching for St. Louis Browns : RHP Aaron Palmer
Batting: LHB Leonardo Medina 0-0: Ball
1-0: Foul Ball, location: 2F
1-1: Called Strike
1-2: Foul Ball, location: 2F
1-2: Ball
2-2: Foul Ball, location: 2F
2-2: Foul Ball, location: 2F
2-2: Foul Ball, location: 2F
2-2: Ball
3-2: Foul Ball, location: 2F
3-2: Strikes out swinging
Batting: RHB José Salazar 0-0: Called Strike
0-1: Swinging Strike
0-2: Fly out, F8 (Flyball, 8RD)
Batting: RHB Tyler Wagner 0-0: Ball
1-0: Swinging Strike
1-1: Foul Ball, location: 2F
1-2: Ball
2-2: Strikes out swinging
Top of the 2nd over - 0 runs, 0 hits, 0 errors, 0 left on base; Irvine 0 - St. Louis 0
BOTTOM OF THE 2ND
St. Louis Browns batting - Pitching for Irvine Gang Green : LHP Millard Curtis
Batting: RHB António Venecia 0-0: Ball
1-0: Ball
2-0: Called Strike
2-1: Ball
3-1: Base on Balls
Batting: SHB David Johnstone 0-0: Ball
1-0: Foul Ball, location: 2F
1-1: Ball
2-1: Foul Ball, location: 2F
2-2: Strikes out swinging
Batting: LHB Robin Hill 0-0: Ball
1-0: Ball
2-0: Foul Ball, location: 2F
2-1: Ball
3-1: Foul Ball, location: 2F
3-2: Fielders Choice at 2nd, 6-4 (Groundball, 6M)
Batting: RHB Javier Martínez 0-0: Called Strike
0-1: Ball
1-1: Ball
2-1: DOUBLE (Line Drive, 7LM)
Robin Hill to third
Batting: LHB Dave Watson 0-0: Ball
1-0: Called Strike
1-1: Ball
2-1: Foul Ball, location: 2F
2-2: Foul Ball, location: 2F
2-2: Strikes out swinging
Bottom of the 2nd over - 0 runs, 1 hit, 0 errors, 2 left on base; Irvine 0 - St. Louis 0
TOP OF THE 3RD
Irvine Gang Green batting - Pitching for St. Louis Browns : RHP Aaron Palmer
Batting: LHB José Sánchez 0-0: SINGLE (Groundball, 3D)
Batting: LHB Tony Tavárez 0-0: Ball
1-0: Ball
2-0: Reached on error, E2 (Groundball, 2L)
José Sánchez to third
Batting: SHB Carlos Córdova 0-0: Ball
1-0: Ball
2-0: Ground out 4-3 (Groundball, 4MS)
José Sánchez scores
Tony Tavárez to third
Batting: RHB Tom Doherty 0-0: Called Strike
0-1: Ball
1-1: SINGLE (Groundball, 56D)
Tony Tavárez scores
Batting: LHB Víctor Quiñones 0-0: Ball
1-0: Foul Ball, location: 2F
1-1: Ball
2-1: 2-RUN HOME RUN (Flyball, 89XD), Distance : 379 ft
Batting: RHB Eduardo García 0-0: Called Strike
0-1: TRIPLE (Flyball, 8RXD)
Batting: LHB Leonardo Medina 0-0: Foul Ball, location: 2F
0-1: Fly out, F8 (Flyball, 8LD)
Runner from 3rd tags up, OUT at HOME
Top of the 3rd over - 4 runs, 4 hits, 1 error, 0 left on base; Irvine 4 - St. Louis 0
BOTTOM OF THE 3RD
St. Louis Browns batting - Pitching for Irvine Gang Green : LHP Millard Curtis
Batting: RHB Manuel Alonso 0-0: Called Strike
0-1: Ball
1-1: Ball
2-1: Fly out, F9 (Flyball, 9S)
Batting: RHB José Flores 0-0: Ball
1-0: Called Strike
1-1: Swinging Strike
1-2: Foul Ball, location: 2F
1-2: Strikes out swinging
Batting: RHB Anthony Rucker 0-0: SINGLE (Groundball, 34D)
Batting: RHB Carlos Alfaro 0-0: Called Strike
0-1: Swinging Strike
0-2: Ball
Anthony Rucker steals 2nd base
1-2: SINGLE (Line Drive, 56D)
Anthony Rucker to third
Runner from 3rd tries for Home, SAFE, no throw
Batting: RHB António Venecia 0-0: Ball
1-0: Swinging Strike
1-1: Ball
2-1: Ball
3-1: Called Strike
3-2: Strikes out swinging
Bottom of the 3rd over - 1 run, 2 hits, 0 errors, 1 left on base; Irvine 4 - St. Louis 1
TOP OF THE 4TH
Irvine Gang Green batting - Pitching for St. Louis Browns : RHP Aaron Palmer
Batting: RHB José Salazar 0-0: Ball
1-0: Foul Ball, location: 2F
1-1: Swinging Strike
1-2: Strikes out swinging
Batting: RHB Tyler Wagner 0-0: Ball
1-0: Ball
2-0: Foul Ball, location: 2F
2-1: Called Strike
2-2: Ball
3-2: Ground out 4-3 (Groundball, 4)
Batting: LHB José Sánchez 0-0: Ball
1-0: Fly out, F4 (Line Drive, 4)
Top of the 4th over - 0 runs, 0 hits, 0 errors, 0 left on base; Irvine 4 - St. Louis 1
BOTTOM OF THE 4TH
St. Louis Browns batting - Pitching for Irvine Gang Green : LHP Millard Curtis
Batting: SHB David Johnstone 0-0: Ball
1-0: SINGLE (Groundball, 4MD)
Batting: LHB Robin Hill 0-0: Called Strike
0-1: Ball
1-1: Foul Ball, location: 2F
1-2: Fielders Choice at 2nd, 5-4 (Groundball, 56)
Batting: RHB Javier Martínez 0-0: Ball
1-0: Ball
2-0: Ball
3-0: Called Strike
3-1: Fly out, F9 (Flyball, 89S)
Batting: LHB Dave Watson 0-0: Ground out 5-3 (Groundball, 25)
Bottom of the 4th over - 0 runs, 1 hit, 0 errors, 1 left on base; Irvine 4 - St. Louis 1
TOP OF THE 5TH
Irvine Gang Green batting - Pitching for St. Louis Browns : RHP Aaron Palmer
Batting: LHB Tony Tavárez 0-0: Called Strike
0-1: SINGLE (Line Drive, 4MD)
Batting: SHB Carlos Córdova 0-0: Ball
1-0: Called Strike
1-1: Ball
2-1: Foul Ball, location: 2F
2-2: Grounds into double play, 4-6-3 (Groundball, 4)
Batting: RHB Tom Doherty 0-0: Called Strike
0-1: Foul Ball, location: 2F
0-2: Ball
1-2: SINGLE (Line Drive, 6M)
Batting: LHB Víctor Quiñones 0-0: Called Strike
0-1: Ball
1-1: Ball
2-1: Foul Ball, location: 2F
2-2: Foul Ball, location: 2F
2-2: Fly out, F7 (Flyball, 7S)
Top of the 5th over - 0 runs, 2 hits, 0 errors, 1 left on base; Irvine 4 - St. Louis 1
BOTTOM OF THE 5TH
St. Louis Browns batting - Pitching for Irvine Gang Green : LHP Millard Curtis
Batting: RHB Manuel Alonso 0-0: Swinging Strike
0-1: Swinging Strike
0-2: Strikes out swinging
Batting: RHB José Flores 0-0: TRIPLE (Groundball, 3L)
Batting: RHB Anthony Rucker 0-0: Ball
1-0: SINGLE (Line Drive, 8RS)
José Flores scores
Batting: RHB Carlos Alfaro 0-0: Called Strike
0-1: Called Strike
0-2: Ball
1-2: Ball
2-2: SINGLE (Line Drive, 78M)
Anthony Rucker to second
Anthony Rucker to third
Batting: RHB António Venecia 0-0: Foul Ball, location: 2F
0-1: Called Strike
0-2: Ball
1-2: Foul Ball, location: 2F
1-2: Ball
2-2: SINGLE (Flyball, 89S)
Anthony Rucker scores
Carlos Alfaro to second
Runner from 2nd tries for 3rd, SAFE, throw made to third
Batting: SHB David Johnstone 0-0: Called Strike
0-1: Foul Ball, location: 2F
0-2: Ball
1-2: Ball
2-2: Strikes out looking
Batting: LHB Robin Hill 0-0: Fielders Choice at 2nd, 6-4 (Groundball, 6)
Bottom of the 5th over - 2 runs, 4 hits, 0 errors, 2 left on base; Irvine 4 - St. Louis 3
TOP OF THE 6TH
Irvine Gang Green batting - Pitching for St. Louis Browns : RHP Aaron Palmer
Batting: RHB Eduardo García 0-0: Ball
1-0: Fly out, F4 (Flyball, 34D)
Pitching: RHP Martín Ortíz
Batting: LHB Leonardo Medina 0-0: Called Strike
0-1: Ball
1-1: Foul Ball, location: 2F
1-2: Ball
2-2: Foul Ball, location: 2F
2-2: Foul Ball, location: 2F
2-2: Ball
3-2: Foul Ball, location: 2F
3-2: Ground out 4-3 (Groundball, 4)
Batting: RHB José Salazar 0-0: Ball
1-0: Swinging Strike
1-1: Ball
2-1: Swinging Strike
2-2: SINGLE (Line Drive, 6M)
Batting: RHB Tyler Wagner 0-0: Ball
1-0: Called Strike
1-1: Ball
2-1: Ball
3-1: Foul Ball, location: 2F
3-2: Fly out, F9 (Flyball, 89M)
Top of the 6th over - 0 runs, 1 hit, 0 errors, 1 left on base; Irvine 4 - St. Louis 3
BOTTOM OF THE 6TH
St. Louis Browns batting - Pitching for Irvine Gang Green : LHP Millard Curtis
Batting: RHB Javier Martínez 0-0: Foul Ball, location: 2F
0-1: Ground out 5-3 (Groundball, 56)
Batting: LHB Dave Watson 0-0: Ball
1-0: Fly out, F8 (Flyball, 8RD)
Batting: RHB Manuel Alonso 0-0: Swinging Strike
0-1: Ball
1-1: Ball
2-1: Foul Ball, location: 2F
2-2: Foul Ball, location: 2F
2-2: Ground out 4-3 (Groundball, 4)
Bottom of the 6th over - 0 runs, 0 hits, 0 errors, 0 left on base; Irvine 4 - St. Louis 3
TOP OF THE 7TH
Irvine Gang Green batting - Pitching for St. Louis Browns : RHP Martín Ortíz
Pitching: LHP Darren Blackwell
Batting: LHB José Sánchez 0-0: Ball
1-0: SINGLE (Line Drive, 4MD)
Batting: LHB Tony Tavárez
Pinch Hitting: RHB Don Hooper 0-0: Ball
José Sánchez is caught stealing 2nd base
1-0: Ball
2-0: Ball
3-0: Swinging Strike
3-1: Swinging Strike
3-2: Strikes out swinging
Pitching: RHP Máximo Marín
Batting: SHB Carlos Córdova 0-0: Foul Ball, location: 2F
0-1: Ball
1-1: Swinging Strike
1-2: Fly out, F8 (Line Drive, 78D)
Top of the 7th over - 0 runs, 1 hit, 0 errors, 0 left on base; Irvine 4 - St. Louis 3
BOTTOM OF THE 7TH
St. Louis Browns batting - Pitching for Irvine Gang Green : LHP Millard Curtis
Pitching: RHP Brandon Williams
Now in CF: Ronnie Brown
Batting: RHB José Flores 0-0: SINGLE (Line Drive, 78S)
Batting: RHB Anthony Rucker 0-0: Sac Bunt - play at first, batter OUT! 5-4
José Flores to second
Batting: RHB Carlos Alfaro 0-0: Ball
1-0: Ball
2-0: Called Strike
2-1: Ball
3-1: Base on Balls
Batting: RHB António Venecia 0-0: Called Strike
José Flores steals 3rd base
0-1: Called Strike
Throwing error on steal attempt, E2
José Flores scores
Carlos Alfaro to third
0-2: Strikes out swinging
Pinch Hitting: LHB Mike Hill 0-0: Ball
1-0: Ball
2-0: Ball
3-0: Called Strike
3-1: Base on Balls
Pitching: LHP Yu-shu Kong
Batting: LHB Robin Hill 0-0: Foul Ball, location: 2F
0-1: SINGLE (Flyball, 89M)
Carlos Alfaro scores
Mike Hill to second
Runner from 2nd tries for 3rd, SAFE, throw made to third
Pitching: RHP Dae-hee Ch'oe
Batting: RHB Javier Martínez 0-0: Foul Ball, location: 2F
0-1: Swinging Strike
0-2: Ball
1-2: Ball
2-2: Strikes out swinging
Bottom of the 7th over - 2 runs, 2 hits, 1 error, 2 left on base; Irvine 4 - St. Louis 5
TOP OF THE 8TH
Irvine Gang Green batting - Pitching for St. Louis Browns : RHP Máximo Marín
Now in RF: Mike Hill
Batting: RHB Tom Doherty 0-0: Swinging Strike
0-1: Called Strike
0-2: Ball
1-2: Ball
2-2: Ball
3-2: Foul Ball, location: 2F
3-2: SINGLE (Flyball, 9S)
Pitching: RHP Jorge Pérez
Batting: LHB Víctor Quiñones 0-0: Called Strike
0-1: Ball
1-1: Called Strike
1-2: Ball
2-2: Strikes out swinging
Batting: RHB Eduardo García 0-0: Ball
1-0: Called Strike
1-1: Called Strike
1-2: Ball
2-2: Foul Ball, location: 2F
2-2: Ground out 5-3 (Groundball, 56S)
Tom Doherty to second
Batting: LHB Leonardo Medina 0-0: Called Strike
0-1: SINGLE (Groundball, 4MD)
Tom Doherty to third
Runner from 3rd tries for Home, SAFE, throw made home
Batting: RHB José Salazar 0-0: Ball
1-0: Hit by Pitch
Leonardo Medina to second
Batting: RHB Tyler Wagner 0-0: Ball
1-0: Swinging Strike
1-1: Ground out 5-3 (Groundball, 56S)
Top of the 8th over - 1 run, 2 hits, 0 errors, 2 left on base; Irvine 5 - St. Louis 5
BOTTOM OF THE 8TH
St. Louis Browns batting - Pitching for Irvine Gang Green : RHP Dae-hee Ch'oe
Pitching: RHP Raúl Saltines
Batting: LHB Dave Watson 0-0: Called Strike
0-1: Called Strike
0-2: Ball
1-2: Ground out 4-3 (Groundball, 4)
Batting: RHB Manuel Alonso 0-0: Swinging Strike
0-1: Ball
1-1: Foul Ball, location: 2F
1-2: Ball
2-2: Strikes out looking
Pinch Hitting: LHB Junior Coates 0-0: Called Strike
0-1: Foul Ball, location: 2F
0-2: Foul Ball, location: 2F
0-2: Foul Ball, location: 2F
0-2: Ball
1-2: Strikes out swinging
Bottom of the 8th over - 0 runs, 0 hits, 0 errors, 0 left on base; Irvine 5 - St. Louis 5
TOP OF THE 9TH
Irvine Gang Green batting - Pitching for St. Louis Browns : RHP Jorge Pérez
Pitching: RHP Cristóbal Gómez
Now at 3B: Junior Coates
Batting: LHB José Sánchez 0-0: Swinging Strike
0-1: Ball
1-1: Called Strike
1-2: Ground out 4-3 (Groundball, 4)
Batting: RHB Ronnie Brown 0-0: SINGLE (Groundball, 6MD)
Batting: SHB Carlos Córdova 0-0: Ball
1-0: Ball
2-0: Called Strike
2-1: Fielders Choice at 2nd, 1-6 (Groundball, P)
Batting: RHB Tom Doherty 0-0: Ball
Carlos Córdova is caught stealing 2nd base
Top of the 9th over - 0 runs, 1 hit, 0 errors, 0 left on base; Irvine 5 - St. Louis 5
BOTTOM OF THE 9TH
St. Louis Browns batting - Pitching for Irvine Gang Green : RHP Raúl Saltines
Batting: RHB Anthony Rucker 0-0: Ball
1-0: Ball
2-0: Called Strike
2-1: Foul Ball, location: 2F
2-2: Foul Ball, location: 2F
2-2: Foul Ball, location: 2F
2-2: Ball
3-2: Ground out 6-3 (Groundball, 6)
Batting: RHB Carlos Alfaro 0-0: Ball
1-0: Foul Ball, location: 2F
1-1: SOLO HOME RUN (Flyball, 9LD), Distance : 332 ft
Saturday, December 16th, 2017 - OOTP Baseball 18.8 Build 76